Unix NetHack Version 5.0.0-0 post-release - last build Jul 19 2026 19:10:59 (3aa4ab31751d3886436d94b585a96704892fd477,branch:main).

Game began 2026-07-29 17:51:37, ended 2026-07-29 20:24:22.

Barrb, neutral female human Barbarian

                                                         -----
                                                        --...--
                                                        |.....--
                                                ----    |......|
                                                -))|    |.....--
                                                ...--  --....--
                                                ...).  -..[..|
                                                 .)<..|...d@-
                                                 .....[....h|
                                                  ........
                                                   ..)..
                                                    ...

Barrb the Bandit           St:18 Dx:16 Co:18 In:8 Wi:7 Ch:6  Neutral
Dlvl:6  $:0  HP:2(63) Pw:12(12) AC:8  Xp:6 T:5253 

Latest messages:
 s - a scroll of teleportation.
 You see here a potion called ju.
 x - a potion called ju.
 You hear a nearby zap.
 The sleep ray whizzes by you!
 You miss the dwarf king.
 Idefix drops a dwarvish cloak.
 The dwarf king wields a dwarvish short sword!
 The dwarvish short sword welds itself to the dwarf king's hand!
 You miss the dwarf king.
 You smite the dwarf king.
 You miss the dwarf king.
 Idefix misses the dwarf king.
 You miss the dwarf king.
 Idefix misses the dwarf king.
 The dwarf king thrusts his dwarvish short sword.
 The dwarf king hits!
 The dwarf king thrusts his dwarvish short sword.
 The dwarf king hits again!
 You miss the dwarf king.
 Idefix misses the dwarf king.
 You miss the dwarf king.
 Idefix bites the dwarf king.
 The dwarf king thrusts his dwarvish short sword at Idefix.
 The dwarf king misses Idefix.
 The dwarf king thrusts his dwarvish short sword at Idefix.
 The dwarf king hits Idefix.
 You smite the dwarf king!
 You miss the dwarf king.
 Idefix misses the dwarf king.
 You smite the dwarf king!
 Idefix misses the dwarf king.
 The dwarf king thrusts his dwarvish short sword.
 The dwarf king hits!
 The dwarf king thrusts his dwarvish short sword.
 The dwarf king hits again!
 Are you sure you want to pray? [yn] (n) y
 You begin praying to Crom.
 Idefix misses the dwarf king.
 Idefix misses the dwarf king.
 Idefix misses the dwarf king.
 You finish your prayer.
 The voice of Crom booms: 
 "Thou art arrogant, mortal."
 "Thou must relearn thy lessons!"
 You feel foolish!
 Goodbye level 7.
 You feel slow!
 Really quit without saving? [yn] (n) y
 Do you want your possessions identified? [ynq] (y) q

Inventory:
 Weapons  (')')
  S - 9 +0 arrows
  v - 10 blessed +5 ya
  Q - 9 cursed +0 ya
  r - 19 blessed +0 darts
  e - 15 +0 darts (at the ready)
  b - a +0 short sword (weapon in right hand)
 Armor    ('[')
  V - an uncursed +0 dwarvish iron helm
  H - a cursed -1 orcish helm
  m - an uncursed +0 pair of iron shoes
  o - an uncursed +1 dwarvish cloak
  c - a blessed rusty +0 ring mail (being worn)
 Comestibles  ('%')
  d - 3 uncursed food rations
  t - an uncursed tripe ration
  k - an uncursed homemade tin of lichen
 Scrolls  ('?')
  g - 2 uncursed scrolls of amnesia
  w - an uncursed scroll of destroy armor
  l - 2 uncursed scrolls of enchant weapon
  X - a blessed scroll of fire
  P - an uncursed scroll of stinking cloud
  s - a cursed scroll of teleportation
 Potions  ('!')
  p - an uncursed potion of confusion
  G - an uncursed potion of extra healing
  u - a cursed potion of healing
  a - an uncursed potion of restore ability
  n - a blessed potion of see invisible
  x - an uncursed potion of see invisible
  q - a cursed potion of sickness
  W - a potion of holy water
 Wands    ('/')
  h - a wand of create monster (0:11)
  O - a wand of light (0:10)
 Tools    ('(')
  f - an uncursed brass lantern
  M - a +0 pick-axe
  R - an uncursed skeleton key
  F - an uncursed towel
  T - a cursed wax candle
 Gems/Stones  ('*')
  I - 2 uncursed worthless pieces of orange glass
  N - an uncursed worthless piece of yellow glass

Barrb the Barbarian's attributes:

Background:
 You were a Bandit, a level 6 female human Barbarian.
 You were neutral, on a mission for Crom
 who was opposed by Mitra (lawful) and Set (chaotic).
 You were right-handed.
 You were in the Gnomish Mines, on level 6.
 You entered the dungeon 5253 turns ago.
 There was a full moon in effect when your adventure ended.
 You had 639 experience points, 1 more was needed to attain level 7.

Basics:
 You had 2 out of 63 hit points.
 You had all 12 energy points (spell power).
 Your armor class was 8.
 Your wallet was empty.
 Autopickup was off.

Final Characteristics:
 Your strength was 18 (peak:18/01, limit:18/100).
 Your dexterity was 16 (limit:18).
 Your constitution was 18 (limit:18).
 Your intelligence was 8 (limit:18).
 Your wisdom was 7 (peak:8, limit:18).
 Your charisma was 6 (limit:18).

Final Status:
 You weren't hungry.
 You were unencumbered.
 You were wielding a short sword.
 You had basic skill with short sword and could have enhanced that.

Final Attributes:
 You were piously aligned.
 You were poison resistant.
 You saw invisible.
 You were telepathic.
 You were warded.
 You were unlucky.
 Crom was angry with you.
 You survived.

Miscellaneous:
 You didn't encounter any bones levels.
 Total elapsed playing time was 1 hour, 15 minutes and 33 seconds.

Major events:
 Turn
    1: Barrb the neutral female human Barbarian entered the dungeon
  834: entered the Gnomish Mines
 1139: attained the rank of Pillager (level 3)
 3162: attained the rank of Bandit (level 6)
 5253: quit

You didn't know any spells.

Skills:
 Fighting Skills
   bare handed combat [Basic]
   two weapon combat  [Unskilled]
   riding             [Unskilled]
 Weapon Skills
   dagger             [Unskilled]
   axe                [Basic]
   pick-axe           [Unskilled]
   short sword        [Basic]
   broadsword         [Unskilled]
   long sword         [Unskilled]
   two-handed sword   [Unskilled]
   saber              [Unskilled]
   club               [Unskilled]
   mace               [Unskilled]
   morning star       [Unskilled]
   flail              [Unskilled]
   hammer             [Unskilled]
   quarterstaff       [Unskilled]
   spear              [Unskilled]
   trident            [Unskilled]
   bow                [Unskilled]
 Spellcasting Skills
   attack spells      [Unskilled]
   escape spells      [Unskilled]

Voluntary challenges:
 Character rerolling was not enabled.
 You were illiterate.
 You never genocided any monsters.
 You never polymorphed an object.
 You never changed form.
 You used no wishes.
Achievements:
 You entered the Gnomish Mines.
 You attained the rank of Pillager.
 You entered a shop.
 You attained the rank of Bandit.

 The Dungeons of Doom: levels 1 to 6
    Level 1:
       Some fountains, some sinks.
    Level 2:
       An altar, a fountain.
    Level 3:
       A sink.
       Stairs down to The Gnomish Mines.
    Level 4:
       A general store, many fountains.
    Level 5:
       An altar, a fountain.
    Level 6:
 The Gnomish Mines: levels 4 to 6
    Level 4:
    Level 5:
    Level 6: <- You were here.


Vanquished creatures:
  a small mimic
  a leprechaun
  a dingo
  a dog
  a fire ant
  2 bugbears
  2 water nymphs
  a mountain nymph
  a rock piercer
  a rock mole
  a pony
  2 fog clouds
  a yellow light
  a violet fungus
  6 gnome leaders
  a kobold mummy
  a gray ooze
  a ghoul
  a straw golem
  3 giant ants
  a little dog
  2 floating eyes
  7 dwarves
  2 homunculi
  2 kobold leaders
  6 hill orcs
  3 giant bats
  a monkey
 an orc zombie
  3 iguanas
  2 acid blobs
  2 coyotes
  4 hobbits
  7 manes
  a large kobold
  a hobgoblin
  4 giant rats
  a yellow mold
 19 gnomes
  4 garter snakes
  a gnome zombie
  3 geckos
  8 jackals
  2 foxes
  2 kobolds
  a goblin
  a sewer rat
 10 grid bugs
  7 lichens
  2 kobold zombies
  2 newts
142 creatures vanquished.

No species were genocided or became extinct.

Goodbye Barrb the Barbarian...

You quit in The Gnomish Mines on dungeon level 6 with 3536 points,
and 0 pieces of gold, after 5253 moves.
You were level 6 with a maximum of 63 hit points when you quit.

